 Dungeon Sprint DCSS version 0.17-a0-1655-g88a8506 (webtiles) character file.

8 Kidiri the Covert (level 2, -4/13 HPs)
             Began as a Spriggan Enchanter on Aug 15, 2015.
             Was an Initiate of Dithmenos.
             Killed from afar by an orc wizard (10 damage)
             ... with a magic dart
             ... in the Dungeon (Sprint V: "Ziggurat Sprint").
             The game lasted 00:02:21 (79 turns).

Kidiri the Covert (Spriggan Enchanter)                Turns: 79, Time: 00:02:22

Health: -4/13      AC:  3    Str:  4    XL:     2   Next: 0%
Magic:  0/6        EV: 19    Int: 22    God:    Dithmenos [......]
Gold:   0          SH: 10    Dex: 22    Spells: 2 memorised, 3 levels left

rFire  . . .     SeeInvis +     I - +5 quick blade
rCold  . . .     Clarity  .     b - +1 robe
rNeg   . . .     SustAt   .     a - +3 buckler
rPois  .         Gourm    .     (helmet restricted)
rElec  .         Spirit   .     (no cloak)
rCorr  .         Warding  .     (gloves unavailable)
rMut   .         NoTele   +     (boots unavailable)
MR     .....                    (no amulet)
Stlth  +++++.....               A - +6 ring of intelligence
                                y - +6 ring of dexterity

@: very slightly contaminated, very quick, not resistant to hostile
enchantments, quite stealthy
A: unfitting armour, see invisible, herbivore 3, speed 3, slow metabolism 2
a: Renounce Religion


You were in the Dungeon.
You worshipped Dithmenos.
Dithmenos was noncommittal.
You were not hungry.

You visited 1 branch

Inventory:

Hand weapons
 I - a +5 quick blade (weapon)
Armour
 a - a +3 buckler (worn)
 b - a +1 robe (worn)
 J - a +5 gold dragon armour
Jewellery
 y - a +6 ring of dexterity (left hand)
 z - a +6 ring of dexterity
 A - a +6 ring of intelligence (right hand)
 B - a +6 ring of intelligence
 C - a +6 ring of strength
 D - a +6 ring of strength
Magical devices
 E - a wand of disintegration (7)
 G - a wand of cold (5)
 H - a wand of draining (5)
Scrolls
 j - 4 scrolls of blinking
 q - 4 scrolls of amnesia
 r - 3 scrolls of recharging
 s - 7 scrolls of fog
 t - a scroll of holy word
 u - 5 scrolls of identify
 v - 5 scrolls of remove curse
 w - 2 scrolls of fear
Potions
 e - 10 potions of curing
 f - 10 potions of heal wounds
 g - 6 potions of haste
 h - 7 potions of magic
 i - 3 potions of berserk rage
 k - 2 potions of brilliance
 l - 2 potions of invisibility
 m - 4 potions of resistance
 o - 5 potions of agility
 p - 5 potions of might
Books
 c - a book of Maledictions

   Spells                             Type                      Level
   a - Corona                         Hexes                        1
   b - Ensorcelled Hibernation        Hexes/Ice                    2
   c - Confuse                        Hexes                        3
   d - Tukima's Dance                 Hexes                        3
   e - Dazzling Spray                 Conjuration/Hexes            3
Comestibles
 d - 5 bread rations
 x - 42 fruits


   Skills:
 + Level 1.1 Short Blades
 * Level 2.5 Armour
 * Level 3.0 Dodging
 * Level 9.3 Stealth
 * Level 2.5 Shields
 * Level 2.6 Spellcasting
 + Level 3.6 Hexes
 + Level 0.0 Ice Magic
 + Level 0.0 Invocations


You had 3 spell levels left.
You knew the following spells:

 Your Spells              Type           Power        Failure   Level  Hunger
a - Corona                Hex            ###....      4%          1    None
b - Ensorcelled Hibernat  Hex/Ice        ##....       17%         2    ##.....


Dungeon Overview and Level Annotations

Branches:
Dungeon (1/1)

Altars:
Ashenzari
Cheibriados
Dithmenos
Elyvilon
Fedhas
Gozag
Kikubaaqudgha
Makhleb
Nemelex Xobeh
Okawaru
Qazlal
Ru
Sif Muna
Trog
Vehumet
Xom
Yredelemnul
Zin
The Shining One
Beogh
Jiyva
Lugonu


Innate Abilities, Weirdness & Mutations

You are tiny and cannot use many weapons and most armour.
You have supernaturally acute eyesight.
You are a herbivore.
You cover ground extremely quickly.
You need consume almost no food.


Message History

The orc wizard hits you with a dagger.
Unknown command.
You hit the orc wizard.
The orc wizard is lightly wounded.
The orc wizard hits you but does no damage.
You block the orc wizard's attack.
You hit the orc wizard.
The orc wizard is moderately wounded.
You barely miss the orc wizard.
The orc wizard is moderately wounded.
The orc wizard closely misses you. The orc wizard hits you with a dagger.
You hit the orc wizard but do no damage.
The orc wizard is moderately wounded.
You barely miss the orc wizard.
The orc wizard is moderately wounded.
The orc wizard hits you with a dagger. The orc wizard casts a spell at you.
The magic dart hits you!
Ouch! That really hurt!
You die...

▓▓▓▓▓▓▓
▓.8©8.▓
▓.....▓
▓.[.[.▓
▓.....▓
▓..oo.▓
▓..@..▓
▓▓▓▓▓▓▓


You could see 2 orc wizards.

Vanquished Creatures (others)
  A spatial maelstrom (D)
1 creature vanquished.

Notes
Turn   | Place    | Note
--------------------------------------------------------------
     0 | D        | Kidiri the Spriggan Enchanter began the quest for the Orb.
     0 | D        | Reached XP level 1. HP: 9/9 MP: 5/5
     0 | D        | Found a roughly hewn altar of Beogh.
     0 | D        | Found a corrupted altar of Lugonu.
     0 | D        | Found a viscous altar of Jiyva.
     0 | D        | Found a white marble altar of Elyvilon.
     0 | D        | Found a sparkling altar of Nemelex Xobeh.
     0 | D        | Found a burning altar of Makhleb.
     0 | D        | Found an iron altar of Okawaru.
     0 | D        | Found a deep blue altar of Sif Muna.
     0 | D        | Found a radiant altar of Vehumet.
     0 | D        | Found a bloodstained altar of Trog.
     0 | D        | Found a shimmering altar of Xom.
     2 | D        | Banished a spatial maelstrom
    53 | D        | Became a worshipper of Dithmenos the Shadowed
    54 | D        | Reached skill level 9 in Stealth
    54 | D        | Reached XP level 2. HP: 13/13 MP: 6/6
    58 | D        | Learned a level 2 spell: Ensorcelled Hibernation
    71 | D        | Entered arena 1.
    71 | D        | Noticed an orc wizard
    71 | D        | Noticed an orc wizard
    79 | D        | Killed from afar by an orc wizard

Vault maps used:
D:        sprint_v

Action                   || total
-------------------------++-------
Melee: Quick blade       ||     5
 Cast: Ensorcelled Hiber ||     2
  Use: Potion            ||     1
